 Seeded DCSS version 0.28.0-53-g5a82cb258f (webtiles) character file.

Game seed: 10077074884737061911 (custom seed)

232460 Sanktem7 the Executioner (level 18, -6/185 HPs)
             Began as a Minotaur Berserker on June 28, 2022.
             Was the Champion of Trog.
             Mangled by a vault warden
             ... wielding a +1 broad axe
              (36 damage)
             ... on level 2 of the Vaults.
             The game lasted 02:19:20 (29817 turns).

Sanktem7 the Executioner (Minotaur Berserker)      Turns: 29817, Time: 02:19:21

Health: -6/185     AC: 33    Str: 42    XL:     18   Next: 39%
Magic:  0/17       EV: 16    Int:  6    God:    Trog [******]
Gold:   3043       SH:  0    Dex: 10    Spells: 17/17 levels left

rFire   . . .      SeeInvis +   j - +9 battleaxe of Eternal Night {vorpal, rC+, axe}
rCold   + + .      Faith    .   (shield currently unavailable)
rNeg    + . .      Spirit   .   n - +7 Kryia's mail coat {PotionHeal*2 rC+}
rPois   .          Reflect  .   (helmet unavailable)
rElec   .          Harm     .   x - +2 cloak
rCorr   .          Rampage  .   b - +2 pair of gloves
Will    +++..      Rage     1%  t - +2 pair of boots {ponderous}
Stlth   ..........              k - amulet "Gisuth" {Regen+ Str+7 Int-3}
HPRegen 1.20/turn               l - ring "Qegh" {rN+ Will++ AC+4 Int+2 Dex-4}
MPRegen 0.15/turn               F - ring "Ajorej" {Str+6 Int+3 Dex+3 SInv}

@: studying 2 skills, slow
A: horns 3, retaliatory headbutt, berserk 1
}: 2/15 runes: barnacled, gossamer
a: Renounce Religion, Berserk, Trog's Hand, Brothers in Arms


You were on level 2 of the Vaults.
You worshipped Trog.
Trog was exalted by your worship.
You visited 6 branches of the dungeon, and saw 33 of its levels.
You also visited: Bailey.

You collected 3579 gold pieces.
You spent 536 gold pieces at shops.


Innate Abilities, Weirdness & Mutations

You have a pair of large horns on your head.
You reflexively headbutt those who attack you in melee.
You tend to lose your temper in combat.


   Skills:
 * Level 22.5 Fighting
 * Level 24.9(25.1) Axes
 - Level 6.2(17.5) Maces & Flails
 - Level 8.2 Throwing
 + Level 17.7 Armour
 + Level 14.4 Dodging


You had 17 spell levels left.
You didn't know any spells.
Your spell library contained the following spells:

 Spells                   Type           Power      Damage    Failure   Level
 Sting                    Tmut/Pois      0%         1d3       56%         1
 Poisonous Vapours        Pois/Air       0%         N/A       71%         2
 Sublimation of Blood     Necr           0%         N/A       71%         2
 Conjure Flame            Conj/Fire      0%         6-21      91%         3
 Dazzling Flash           Conj/Hex       0%         N/A       91%         3
 Frozen Ramparts          Ice            0%         1d2       91%         3
 Ignite Poison            Fire/Tmut/Pois 0%         N/A       91%         3
 Portal Projectile        Hex/Tloc       0%         N/A       91%         3
 Tukima's Dance           Hex            0%         N/A       91%         3
 Airstrike                Air            0%         N/A       100%        4
 Animate Armour           Summ/Erth      0%         N/A       100%        4
 Ice Form                 Ice/Tmut       0%         N/A       100%        4
 Iskenderun's Mystic Bla  Conj/Tloc      0%         2d3       100%        4
 Olgreb's Toxic Radiance  Pois           0%         N/A       100%        4
 Passage of Golubria      Tloc           0%         N/A       100%        4
 Petrify                  Tmut/Erth      0%         N/A       100%        4
 Sticky Flame             Conj/Fire      0%         2d3       100%        4
 Summon Ice Beast         Ice/Summ       0%         N/A       100%        4
 Summon Lightning Spire   Summ/Air       0%         N/A       100%        4
 Blade Hands              Tmut           0%         N/A       100%        5
 Excruciating Wounds      Necr           0%         N/A       100%        5
 Fireball                 Conj/Fire      0%         3d3       100%        5
 Irradiate                Conj/Tmut      0%         3d14      100%        5
 Iskenderun's Battlesphe  Conj           0%         2d6       100%        5
 Lightning Bolt           Conj/Air       0%         1d11      100%        5
 Yara's Violent Unravell  Hex/Tmut       0%         3d3       100%        5
 Iron Shot                Conj/Erth      0%         9d1       100%        6
 Starburst                Conj/Fire      0%         6d3       100%        6
 Spellforged Servitor     Conj/Summ      0%         N/A       100%        7
 Ignition                 Fire           0%         3d3       100%        8

Inventory:

Hand Weapons
 i - a +6 morningstar of freezing {mace}
   (You took it off a wight on level 7 of the Dungeon)
 j - the +9 battleaxe of Eternal Night (weapon) {vorpal, rC+, axe}
   (Trog gifted it to you on level 2 of the Orcish Mines)

   It inflicts extra damage upon your enemies.
   rC:        It protects you from cold.
 I - a +2 quarterstaff of flaming {staff}
   (Trog gifted it to you on level 4 of the Shoals)
 S - a +4 antimagic hand axe {axe}
   (Trog gifted it to you on level 2 of the Orcish Mines)
Missiles
 a - 66 poisoned darts (quivered) {throwing}
 s - 3 boomerangs {throwing}
 A - 13 curare-tipped darts {=fthrowing}
 G - 27 sling bullets
 J - 55 stones {throwing}
 L - a throwing net {=f!fthrowing}
 M - 193 bolts
 T - 26 arrows
Armour
 b - a +2 pair of gloves (worn)
   (You found it on level 2 of the Dungeon)
 g - the +0 buckler of Leixzorch {Will+ Dex+4}
   (You acquired it on level 1 of the Dungeon)

   Dex:       It affects your dexterity (+4).
   Will:      It increases your willpower.
 n - the +7 Kryia's mail coat (worn) {PotionHeal*2 rC+}
   (You found it on level 2 of the Dungeon)

   Potions are twice as effective at healing its wearer.
   rC:        It protects you from cold.
 t - a +2 pair of boots of ponderousness (worn)
   (You found it on level 2 of the Orcish Mines)
 x - a +2 cloak (worn)
   (You found it on level 4 of the Dungeon)
Jewellery
 k - the amulet "Gisuth" (around neck) {Regen+ Str+7 Int-3}
   (You acquired it on level 1 of the Dungeon)

   [amulet of regeneration]

   Str:       It affects your strength (+7).
   Int:       It affects your intelligence (-3).
   Regen:     It increases your rate of health regeneration.
 l - the ring "Qegh" (left hand) {rN+ Will++ AC+4 Int+2 Dex-4}
   (You acquired it on level 1 of the Dungeon)

   [ring of protection]

   AC:        It affects your AC (+4).
   Int:       It affects your intelligence (+2).
   Dex:       It affects your dexterity (-4).
   rN:        It protects you from negative energy.
   Will:      It greatly increases your willpower.
 o - a ring of flight
   (You found it on level 2 of the Dungeon)
 y - a ring of resist corrosion
   (You found it on level 5 of the Dungeon)
 F - the ring "Ajorej" (right hand) {Str+6 Int+3 Dex+3 SInv}
   (You acquired it on level 7 of the Dungeon)

   [ring of strength]

   Str:       It affects your strength (+6).
   Int:       It affects your intelligence (+3).
   Dex:       It affects your dexterity (+3).
   SInv:      It lets you see invisible.
 K - a ring of protection from cold
   (You found it in a bailey)
Wands
 X - a wand of paralysis (6)
   (You found it on level 1 of the Vaults)
Scrolls
 c - 6 scrolls of immolation {!r!r}
 d - 3 scrolls of magic mapping {!r}
 u - 7 scrolls of enchant armour
 N - 2 scrolls of holy word
 O - 6 scrolls of noise {!r}
 R - 2 scrolls of identify {@r1}
 U - 2 scrolls of summoning
 V - 8 scrolls of teleportation {@r4}
 W - 5 scrolls of fog
 Z - a scroll of fear
Potions
 e - 4 potions of brilliance
 f - 7 potions of haste {@q3}
 h - 7 potions of flight
 m - 4 potions of attraction {!q}
 p - a potion of berserk rage {!q}
 q - a potion of cancellation
 r - a potion of invisibility
 v - 4 potions of lignification {!q}
 w - 9 potions of degeneration {!q@e2}
 z - 4 potions of ambrosia
 B - 7 potions of curing {@q1}
 E - 9 potions of mutation {!q}
 H - 2 potions of magic
 P - 2 potions of might {unknown}
 Q - a potion of resistance {unknown}
Miscellaneous
 C - a lightning rod (4/4)
   (You found it on level 4 of the Shoals)
 D - a piece from Xom's chessboard (15/15)
   (You found it on level 14 of the Dungeon)

Dungeon Overview and Level Annotations

Branches:
Dungeon (15/15)            Temple (0/1) D:7            Lair (6/6) D:8
 Shoals (4/4) Lair:3       Spider (4/4) Lair:2        Slime (0/5) Lair:6
    Orc (2/2) D:10            Elf (0/3) Orc:2        Vaults (2/5) D:14
  Crypt (0/3) Vaults:2     Depths (0/4) D:15         Bailey (visited)

Altars:
Ashenzari
Dithmenos
Hepliaklqana
Kikubaaqudgha
Makhleb
Okawaru
Qazlal
Trog
Uskayaw
Xom
Yredelemnul
Beogh
Jiyva

Shops:
Orc:1 (   Orc:2 :!:!   Vaults:2 [

Annotations:
Vaults:2 2 transporters, Angmar's ghost, veteran DrAE

#......# #..#,,,,,,,*,,,*,,,*
#......# #..#,,,,,,,+,,,,,,,*
#......# #..#,,,,,,,*,,,,,,,*
#......# #..#,,,,,,,#########
#######'#####..#######+#........
#...........#...................
#.8.#####.8.+...............?...
#...#...#...#.pp)...............
#.###...###.#☼.@p...............
#.#.......#.#.po................
#.#._.>._.#.###+################
#.#.......#.#.........#
#.###...###}'.........#
#...#...#...#.........#
#.8.##'##.8.#.........#
#...........#.........#
#############.......∩.#


You could see an orc warlord (strong), an ironbound preserver (strong), a vault
warden (strong), an ironbound frostheart (strong) and an ironbound convoker.


Message History

😕 HP[+2]
You regained 2 hp, and now have 152/185 hp.
Xtahua rumbles, "YOU LOOK DELICIOUS." 😕 HP[+1]
The ice encasing you melts away.
The ironbound frostheart calls freezing cold from the walls.
The frost grips you! You partially resist.
You are encased in ice. 😕 HP[-14]
You take 14 damage, and now have 139/185 hp.
The ironbound frostheart calls freezing cold from the walls.
The frost grips you. You partially resist. 😮 HP[-1]
You take 1 damage, and now have 138/185 hp. 😕 HP[+1]
The ice encasing you melts away. Xtahua breathes fire at you.
The searing blast hits you!! 😮 HP[-24]
You take 24 damage, and now have 115/185 hp.
The vault warden activates a sealing rune.
The doors slam shut!
You are pushed out of the doorway! 😮 HP[+1] That door is sealed shut!
Unknown command.
The ironbound convoker casts a spell at the ironbound frostheart.
The ironbound frostheart seems to grow stronger.
The orc warlord hits you with a +2 antimagic great mace!
You feel your power leaking away. 😮 HP[-6] MP[-3]
You take 6 damage, and now have 110/185 hp.
You lost 3 mp, and now have 14/17 mp.
You completely miss Xtahua. You headbutt Xtahua, but do no damage.
You chop the ettin into pieces!!! You closely miss the orc warlord.
Xtahua thunders ferociously at you!
You resist with almost no effort. 😮 HP[+1]
You slash Xtahua! You slice the ettin!!
You kill the ettin!
Trog accepts your kill.
You slice the orc warlord!!
The orc warlord hits you but does no damage.
The ironbound convoker points at the ironbound preserver and mumbles some strange words.
The ironbound preserver seems to grow stronger.
You cut Xtahua into ribbons!!! You headbutt Xtahua!! You slash the orc warlord!
Xtahua misses you. Xtahua claws you but does no damage. Xtahua tramples you.
You stumble backwards! 😮 HP[-5]
You take 5 damage, and now have 106/185 hp.
You hit Xtahua. You headbutt Xtahua!
You hit the orc warlord but do no damage.
Xtahua breathes fire at you. The searing blast misses you.
The orc warlord is engulfed in blazing flames.
The orc warlord closely misses you. 😮 HP[+1]
You chop Xtahua into pieces!!!
You kill Xtahua!
Trog accepts your kill.
The fire dragon scales {Xtahua} are intact enough to wear.
You slash the vault warden!
You hit the orc warlord but do no damage.
The ironbound convoker casts a spell at the vault warden.
The vault warden seems to grow stronger. 😮 HP[+1]
You slice the ironbound preserver!! You slash the vault warden!
You closely miss the orc warlord.
The vault warden hits you with a +1 broad axe!!
* * * LOW HITPOINT WARNING * * *
The orc warlord hits you with a +2 antimagic great mace!
* * * LOW HITPOINT WARNING * * *
You feel your power leaking away. 😨 HP[-32] MP[-5]
You take 32 damage, and now have 76/185 hp.
You lost 5 mp, and now have 9/17 mp.
You slash the ironbound preserver! You headbutt the ironbound preserver.
You slash the orc warlord! You slash the vault warden!
The ironbound preserver casts a spell.
The ironbound preserver is healed somewhat.
The orc warlord barely misses you. You furiously retaliate!
You headbutt the orc warlord, but do no damage. 😨 HP[+1]
You slice the ironbound preserver!!
You headbutt the ironbound preserver, but do no damage.
You slice the ironbound frostheart!! You closely miss the vault warden.
You hit the orc warlord but do no damage.
The vault warden hits you but does no damage.
The orc warlord hits you with a +2 antimagic great mace!
* * * LOW HITPOINT WARNING * * *
You feel your power leaking away. The ironbound frostheart touches you!!
* * * LOW HITPOINT WARNING * * *
The ironbound frostheart freezes you! You resist.
* * * LOW HITPOINT WARNING * * *
The ironbound convoker casts a spell at the orc warlord.
The orc warlord seems to grow stronger.
The ironbound preserver misses you. You furiously retaliate!
You headbutt the ironbound preserver.
The vault warden hits you with a +1 broad axe!!!
You die...

Skill      XL: |  1  2  3  4  5  6  7  8  9 10 11 12 13 14 15 16 17 |
---------------+----------------------------------------------------+-----
Fighting       | 4 5 6 7 9 10 13 14 15 17 19 20 22 | 22.5
Axes           | 4 5 6 8 9 12 14 17 18 19 20 22 23 24 | 24.9
Armour         | 3 4 5 6 7 8 10 11 13 15 17 | 17.7
Dodging        | 3 4 5 6 7 8 9 10 12 13 14 | 14.4
Maces & Flails | 4 6 |  6.2
Throwing       | 8 |  8.2

Action                   |  1- 3 |  4- 6 |  7- 9 | 10-12 | 13-15 | 16-18 || total
-------------------------+-------+-------+-------+-------+-------+-------++-------
Melee: Hand axe          |    91 |    92 |    93 |       |   176 |       ||   452
       Headbutt          |    12 |    19 |    27 |    34 |   278 |   140 ||   510
       War axe           |       |       |    83 |   181 |   792 |       ||  1056
       Morningstar       |       |       |       |       |    35 |       ||    35
       Battleaxe         |       |       |       |       |   210 |   701 ||   911
Throw: Dart              |       |       |       |       |    12 |    36 ||    48
Evoke: Box of beasts     |       |       |       |       |     1 |       ||     1
  Use: Scroll            |     4 |       |     8 |     5 |    16 |    10 ||    43
       Potion            |       |       |       |     4 |    11 |    16 ||    31
 Stab: Sleeping          |     1 |       |       |     1 |       |       ||     2
Armor: Animal skin       |    13 |       |       |       |       |       ||    13
       Scale mail        |    18 |    48 |   100 |    73 |   630 |   599 ||  1468
       Skin              |       |       |       |       |       |     5 ||     5
Dodge: Dodged            |    54 |    31 |   107 |   102 |   864 |   628 ||  1786
Block: Buckler           |     5 |     7 |    27 |    27 |   150 |       ||   216

Levels and vault maps discovered:
D:1:      erik_arrival_blinker_ship, layout_basic
D:2:      layout_basic, basic_altar, basic_ecumenical_altar
D:3:      layout_basic, mainiacjoe_overflow_tiny_flanked
D:4:      layout_basic, mainiacjoe_overflow_surrounded_room, uniq_menkaure
D:5:      layout_basic, kiku_gazebo_garden_becter,
          worldfamousw_hep_ancestral_shrine, serial_glass, glass_columns_a,
          glass_columns_b, glass_columns_a, glass_columns_b, glass_columns_a,
          glass_columns_a
D:6:      layout_cave_pods, nicolae_dithmenos_the_darkroom, grunt_decor_cap,
          serial_bayou_crossing
D:7:      layout_cave_pools, minmay_temple_entry_large_hall
D:8:      layout_gridville, mainiacjoe_overflow_catch_the_wave,
          nicolae_overflow_hidden_temple, lair_entry_dummy, enter_bailey_3,
          serial_undead, serial_undead_a, serial_undead_d, serial_undead_f,
          serial_undead_b, uniq_gastronok
D:9:      layout_long_grid, serial_glass, glass_columns_a, glass_columns_b
D:10:     layout_loops_ring, erik_orc_1
D:11:     layout_basic, uniq_maurice
D:12:     layout_cave_pods, trog_hazing_becter
D:13:     layout_irregular_city, xom_shifter_show, uniq_sonja
D:14:     layout_roguey, david_vaults_3, serial_bayou_pond_e
D:15:     grunt_enter_depths_snipers, layout_basic, minivault_14, uniq_nessos
Lair:1:   layout_loops_ring, chequers_serial_rivers_micro_a
Lair:2:   layout_chaotic_city, hellmonk_spider_entry_not_the_bees
Lair:3:   layout_gridlike, minmay_shoals_entry_beasts, beast_lair_carwin_7,
          lemuel_fruit_tree, grunt_megastairs_4, uniq_fannar
Lair:4:   layout_gridlike, serial_rivers, chequers_serial_rivers_room_b,
          chequers_serial_rivers_micro_a, chequers_serial_rivers_micro_b,
          chequers_serial_rivers_micro_e, beast_lair_carwin_4,
          infiniplex_staircase_pool_2, serial_bayou_shore_a
Lair:5:   layout_layer_cave
Lair:6:   guppyfry_lair_end_dragon, layout_concentric_octagons,
          hangedman_lair_caniforms_friends, slime_altar_1,
          gammafunk_ghost_necromancy, grunt_forest_large_clearings
Shoals:1: layout_shoals, uniq_frances
Shoals:2: layout_shoals, regret_index_shoals_crete
Shoals:3: layout_shoals, nicolae_shoals_so_close
Shoals:4: shoals_end_hellmonk_lost_city, serial_shops
Spider:1: layout_spider_delve, hangedman_spider_tarantella_strand
Spider:2: layout_chambers
Spider:3: layout_spider_delve, drop_trap, nicolae_arachne_temple
Spider:4: hellmonk_spider_rune_endless_swarm, guppyfry_spider_mini_3
Orc:1:    cheibrodos_orc_arena, layout_caves, special_room [special_room_orc],
          serial_shops, nicolae_diamond_shop, okawaru_metal_pillars_3,
          uniq_josephine
Orc:2:    st_orc_town, layout_diamond_mine, special_room,
          dreamdust_deal_with_the_devil
Vaults:1: vaults_mumra_hex, hangedman_vaults_stretched_pinwheel,
          ontoclasm_vaults_bender, ontoclasm_vaults_pinch, grunt_vaults_funnel,
          nicolae_vaults_little_squares_6, vaults_dpeg_hooks, vaults_room_fours,
          layout_vaults_omnigrid
Vaults:2: gammafunk_ghost_wrathful_warriors, v_misc_33, hangedman_vaults_cutoff,
          v_misc_9, hangedman_vaults_stagger, minmay_crypt_entry_necro_gods,
          grunt_vaults_swirl, v_misc_8, nicolae_vaults_little_squares_5,
          ontoclasm_vaults_chip, layout_vaults_big_room, serial_shops, shop,
          uniq_bai_suzhen, uniq_aizul, uniq_xtahua

Notes
Turn   | Place    | Note
-------+----------+-------------------------------------------
     0 | D:1      | Sanktem7 the Minotaur Berserker began the quest for the
                  | Orb.
     0 | D:1      | Reached XP level 1. HP: 19/19 MP: 0/0
     0 | D:1      | magus.rc [v1.9.6]
   277 | D:1      | HP: 5/20 [frozen (4)]
   278 | D:1      | HP: 1/20 [frozen (4)]
   607 | D:1      | Reached XP level 2. HP: 27/27 MP: 1/1
   648 | D:1      | Reached skill level 4 in Fighting
   788 | D:1      | Reached skill level 4 in Axes
  1092 | D:1      | Reached XP level 3. HP: 27/33 MP: 2/2
  1552 | D:1      | Identified 4 scrolls of acquirement
  1552 | D:1      | Acquired a manual of Axes
  1553 | D:1      | Acquired the +0 buckler of Leixzorch {Will+ Dex+4}
  1554 | D:1      | Acquired the amulet "Gisuth" {Regen+ Str+7 Int-3}
  1555 | D:1      | Acquired the ring "Qegh" {rN+ Will++ AC+4 Int+2 Dex-4}
  1589 | D:2      | Found a shimmering altar of Xom.
  1619 | D:2      | You pick up a book of Spectacle {forbidden} and begin
                  | reading...
  1619 | D:2      | You add the spells Dazzling Flash, Iskenderun's Mystic
                  | Blast and Starburst to your library.
  1656 | D:2      | Found the +7 Kryia's mail coat {PotionHeal*2 rC+}
  1735 | D:2      | Reached ** piety under Trog
  1893 | D:2      | Reached skill level 3 in Armour
  1924 | D:2      | Found a faded altar of an unknown god.
  2099 | D:3      | Reached XP level 4. HP: 41/41 MP: 3/3
  2136 | D:3      | Reached skill level 5 in Axes
  2300 | D:3      | Reached skill level 3 in Dodging
  2383 | D:3      | Reached skill level 5 in Fighting
  2383 | D:3      | Reached XP level 5. HP: 42/48 MP: 4/4
  2401 | D:3      | Found a burning altar of Makhleb.
  2540 | D:4      | Noticed an ogre
  2551 | D:4      | Killed an ogre
  2552 | D:4      | Reached skill level 6 in Axes
  2598 | D:4      | Noticed an ogre
  2620 | D:4      | Killed an ogre
  2621 | D:4      | Reached XP level 6. HP: 43/57 MP: 5/5
  2657 | D:4      | Reached skill level 7 in Axes
  2692 | D:4      | Found a stormy altar of Qazlal.
  2728 | D:4      | Noticed Menkaure
  2733 | D:4      | Killed Menkaure
  2734 | D:4      | Reached skill level 6 in Fighting
  2734 | D:4      | Reached skill level 4 in Armour
  2766 | D:4      | Reached skill level 8 in Axes
  2766 | D:4      | Reached XP level 7. HP: 62/64 MP: 6/6
  2839 | D:4      | Reached skill level 4 in Dodging
  2858 | D:4      | You add the spells Conjure Flame, Ignite Poison and Sticky
                  | Flame to your library.
  3138 | D:4      | magus.rc [v1.9.6]
  3157 | D:5      | Entered Level 5 of the Dungeon
  3197 | D:5      | Reached *** piety under Trog
  3242 | D:5      | Found an ancient bone altar of Kikubaaqudgha.
  3447 | D:5      | Found a hazy altar of Hepliaklqana.
  3510 | D:5      | Reached skill level 7 in Fighting
  3510 | D:5      | Reached skill level 9 in Axes
  3734 | D:6      | Reached skill level 5 in Armour
  3767 | D:6      | You add the spells Sting, Poisonous Vapours and Olgreb's
                  | Toxic Radiance to your library.
  3804 | D:6      | Reached XP level 8. HP: 73/73 MP: 7/7
  3994 | D:6      | Reached skill level 10 in Axes
  4031 | D:6      | Found a shadowy altar of Dithmenos.
  4585 | D:7      | Reached skill level 8 in Fighting
  4585 | D:7      | Reached skill level 5 in Dodging
  4615 | D:7      | Noticed a hornet
  4617 | D:7      | Killed a hornet
  4618 | D:7      | Reached skill level 11 in Axes
  4631 | D:7      | Found a staircase to the Ecumenical Temple.
  4636 | D:7      | Noticed a manticore
  4677 | D:7      | Reached skill level 6 in Armour
  4682 | D:7      | Killed a manticore
  4683 | D:7      | Reached skill level 9 in Fighting
  4683 | D:7      | Reached skill level 12 in Axes
  4683 | D:7      | Reached XP level 9. HP: 80/83 MP: 8/8
  4900 | D:7      | Reached **** piety under Trog
  5108 | D:7      | Reached skill level 6 in Dodging
  5251 | D:7      | Acquired the ring "Ajorej" {Str+6 Int+3 Dex+3 SInv}
  5311 | D:8      | Reached skill level 13 in Axes
  5333 | D:8      | Noticed Gastronok
  5350 | D:8      | Killed Gastronok
  5351 | D:8      | Reached skill level 10 in Fighting
  5351 | D:8      | Reached skill level 14 in Axes
  5351 | D:8      | Reached skill level 7 in Armour
  5351 | D:8      | Reached XP level 10. HP: 61/94 MP: 9/9
  5390 | D:8      | Found a shimmering altar of Xom.
  5477 | D:8      | Found a broken altar of Ashenzari.
  5774 | D:8      | Found a flagged portal.
  5775 | D:8      | Found a staircase to the Lair.
  5780 | Bailey   | Entered a bailey
  5804 | Bailey   | Reached ***** piety under Trog
  5857 | Bailey   | Reached skill level 11 in Fighting
  5872 | Bailey   | Reached skill level 7 in Dodging
  5895 | Bailey   | Reached skill level 15 in Axes
  6015 | Bailey   | Noticed an orc knight
  6015 | Bailey   | Noticed an orc warlord
  6028 | Bailey   | HP: 19/96 [orc knight/+0 broad axe (17)]
  6033 | Bailey   | Killed an orc knight
  6034 | Bailey   | Reached skill level 8 in Armour
  6048 | Bailey   | Killed an orc warlord
  6049 | Bailey   | Reached skill level 16 in Axes
  6059 | Bailey   | Reached skill level 12 in Fighting
  6138 | Bailey   | Reached skill level 13 in Fighting
  6138 | Bailey   | Reached skill level 17 in Axes
  6138 | Bailey   | Reached skill level 4 in Maces & Flails
  6138 | Bailey   | Reached XP level 11. HP: 107/107 MP: 10/10
  6139 | Bailey   | Reached skill level 8 in Throwing
  6139 | Bailey   | Reached XP level 12. HP: 115/115 MP: 11/11
  6758 | D:8      | Found a hide-covered altar of Uskayaw.
  6831 | Lair:1   | Entered Level 1 of the Lair of Beasts
  6882 | Lair:1   | You pick up a book of Power {forbidden} and begin
                  | reading...
  6882 | Lair:1   | You add the spells Iskenderun's Battlesphere, Iron Shot and
                  | Spellforged Servitor to your library.
  7317 | Lair:1   | You fall into a shaft and drop 1 floor!
  7464 | Lair:2   | Reached skill level 18 in Axes
  7521 | Lair:2   | Noticed a five-headed hydra
  7529 | Lair:2   | Killed a ten-headed hydra
  7530 | Lair:2   | Reached skill level 14 in Fighting
  7530 | Lair:2   | Reached skill level 8 in Dodging
  7530 | Lair:2   | Reached XP level 13. HP: 94/124 MP: 12/12
  7572 | Lair:2   | Identified the +1 leather armour of Midwinter {rN+++ Str+5
                  | Int-3 Stlth-}
  7641 | Lair:2   | You pick up a book of Alchemy {forbidden} and begin
                  | reading...
  7641 | Lair:2   | You add the spells Sublimation of Blood, Petrify and
                  | Irradiate to your library.
  7746 | Lair:2   | Found a hole to the Spider Nest.
  7882 | Lair:2   | Reached skill level 9 in Armour
  8118 | Lair:3   | Noticed Fannar
  8128 | Lair:3   | Killed Fannar
  8142 | Lair:3   | Received a gift from Trog
  8251 | Lair:3   | Acquired 767 gold pieces
  8308 | Lair:3   | Found a staircase to the Shoals.
  8321 | Lair:3   | HP: 29/125 [barbs]
  8642 | Lair:3   | Reached skill level 5 in Maces & Flails
  9327 | Lair:3   | Gained mutation: You tend to lose your temper in combat.
                  | [potion of mutation]
  9327 | Lair:3   | Gained mutation: You have a pair of large horns on your
                  | head. [potion of mutation]
  9417 | Lair:4   | Reached skill level 15 in Fighting
  9574 | Lair:4   | Reached skill level 9 in Dodging
  9575 | Lair:4   | Reached skill level 19 in Axes
  9780 | Lair:4   | You pick up a book of Storms {forbidden} and begin
                  | reading...
  9780 | Lair:4   | You add the spells Airstrike, Summon Lightning Spire and
                  | Lightning Bolt to your library.
  9821 | Lair:4   | Reached skill level 10 in Armour
 10043 | Lair:4   | Reached skill level 6 in Maces & Flails
 10442 | Lair:5   | You add the spells Tukima's Dance, Passage of Golubria and
                  | Yara's Violent Unravelling to your library.
 11001 | Lair:5   | Reached XP level 14. HP: 135/136 MP: 13/13
 11440 | Lair:5   | Received a gift from Trog
 11540 | Lair:6   | Entered Level 6 of the Lair of Beasts
 11584 | Lair:6   | Reached skill level 16 in Fighting
 11596 | Lair:6   | Found a staircase to the Slime Pits.
 11596 | Lair:6   | Found a viscous altar of Jiyva.
 11636 | Lair:6   | Reached ****** piety under Trog
 11834 | Lair:6   | You pick up a book of Rime {forbidden} and begin reading...
 11834 | Lair:6   | You add the spells Frozen Ramparts, Ice Form and Summon Ice
                  | Beast to your library.
 12062 | Lair:6   | Reached skill level 10 in Dodging
 12093 | Lair:6   | Reached skill level 20 in Axes
 12093 | Lair:6   | Reached skill level 11 in Armour
 12132 | Lair:6   | Received a gift from Trog
 12667 | Lair:6   | Found a runed translucent gate.
 12667 | Lair:6   | Found a runed translucent gate.
 12709 | Lair:6   | Found a runed translucent gate.
 12715 | Lair:6   | Noticed GilGalad's ghost (journeyman DrFE)
 12793 | Lair:6   | Reached skill level 17 in Fighting
 13145 | Lair:6   | Killed GilGalad's ghost
 14001 | D:9      | Identified the +0 scale mail of Jipp {Str+2 Dex+3}
 14498 | D:10     | Entered Level 10 of the Dungeon
 15089 | D:10     | Received a gift from Trog
 15105 | D:10     | S - a +1 antimagic executioner's axe {axerare=g}
 15148 | D:10     | Found a staircase to the Orcish Mines.
 15465 | D:10     | You drop a +1 antimagic executioner's axe {axerare=g}.
 15475 | Orc:1    | Entered Level 1 of the Orcish Mines
 15747 | Orc:1    | Noticed Josephine
 15761 | Orc:1    | Killed Josephine
 15804 | Orc:1    | Found Eblatig's Antique Weapon Shop.
 15850 | Orc:1    | HP: 30/140 [orc knight/+3 long sword (23)]
 15859 | Orc:1    | Reached XP level 15. HP: 101/147 MP: 14/14
 15875 | Orc:1    | HP: 23/148 [orc knight/+0 great mace (22)]
 16179 | Orc:2    | Entered Level 2 of the Orcish Mines
 16198 | Orc:2    | Received a gift from Trog
 16255 | Orc:2    | Found a staircase to the Elven Halls.
 16434 | Orc:2    | Reached skill level 12 in Armour
 16484 | Orc:2    | Reached skill level 11 in Dodging
 16531 | Orc:2    | Found Sodosef's Distillery.
 16537 | Orc:2    | Reached skill level 21 in Axes
 16549 | Orc:2    | Bought 2 potions of curing for 96 gold pieces
 16549 | Orc:2    | Bought a potion of curing for 48 gold pieces
 16549 | Orc:2    | Bought a potion of heal wounds for 80 gold pieces
 16555 | Orc:2    | Found Viusaw's Book Shop.
 16569 | Orc:2    | HP: 20/149 [orc knight/+0 great mace (29)]
 16597 | Orc:2    | HP: 33/149 [orc warrior/+0 halberd (27)]
 16603 | Orc:2    | HP: 19/149 [orc warrior/+0 trident (14)]
 16821 | Orc:2    | Found Yvynwapifa's Distillery.
 16821 | Orc:2    | Found Kudwu's Book Shop.
 16839 | Orc:2    | Bought 2 potions of heal wounds for 120 gold pieces
 16839 | Orc:2    | Bought a potion of heal wounds for 60 gold pieces
 16839 | Orc:2    | Bought a potion of heal wounds for 60 gold pieces
 16839 | Orc:2    | Bought a potion of curing for 36 gold pieces
 16839 | Orc:2    | Bought a potion of curing for 36 gold pieces
 16860 | Orc:2    | Reached skill level 18 in Fighting
 16873 | Orc:2    | Identified the +9 battleaxe of Eternal Night {vorpal, rC+}
                  | (Trog gifted it to you on level 2 of the Orcish Mines)
 16873 | Orc:2    | Received a gift from Trog
 17471 | Orc:1    | Found an iron altar of Okawaru.
 18105 | D:11     | Noticed Maurice
 18111 | D:11     | Killed Maurice
 19060 | D:12     | You pick up a book of Iron {forbidden} and begin reading...
 19060 | D:12     | You add the spells Animate Armour and Blade Hands to your
                  | library.
 19098 | D:12     | Identified the +1 leather armour of the Gloaming {rF-
                  | Regen+ Int+4 Slay+2}
 19206 | D:12     | Found a bloodstained altar of Trog.
 19223 | D:12     | Received a gift from Trog
 20166 | D:13     | Noticed Sonja
 20169 | D:13     | Killed Sonja
 20245 | D:13     | Found a shimmering altar of Xom.
 20247 | D:13     | Found a shimmering altar of Xom.
 20247 | D:13     | Found a shimmering altar of Xom.
 20247 | D:13     | Found a shimmering altar of Xom.
 20247 | D:13     | Found a shimmering altar of Xom.
 20248 | D:13     | Found a shimmering altar of Xom.
 20248 | D:13     | Found a shimmering altar of Xom.
 20248 | D:13     | Found a shimmering altar of Xom.
 20248 | D:13     | Found a shimmering altar of Xom.
 20429 | D:13     | You pick up a book of Storms {forbidden} and begin
                  | reading...
 20628 | D:14     | Noticed Rupert
 20628 | D:14     | Found a gate to the Vaults.
 20759 | D:14     | Killed Rupert
 20790 | D:14     | Reached skill level 19 in Fighting
 20801 | D:14     | J - a +5 triple sword of draining {longrare=g}
 20802 | D:14     | You drop a +5 triple sword of draining {longrare=g}.
 20871 | D:14     | J - a +5 triple sword of draining {longrare=g}
 20910 | D:14     | Reached skill level 13 in Armour
 20914 | D:14     | Reached skill level 22 in Axes
 20925 | D:14     | Reached skill level 12 in Dodging
 21027 | D:14     | Reached XP level 16. HP: 160/160 MP: 15/15
 21302 | D:14     | You drop a +5 triple sword of draining {longrare=g}.
 21310 | D:15     | Entered Level 15 of the Dungeon
 21449 | D:15     | Identified the +8 ring mail "Qaran" {Str+2}
 21475 | D:15     | Noticed Nessos
 21479 | D:15     | Killed Nessos
 21538 | D:15     | Found a staircase to the Depths.
 21770 | D:15     | Received a gift from Trog
 21814 | D:15     | Acquired a manual of Armour
 22528 | Spider:1 | Entered Level 1 of the Spider Nest
 22621 | Spider:1 | You pick up a book of Fire {forbidden} and begin reading...
 22621 | Spider:1 | You add the spells Fireball and Ignition to your library.
 22673 | Spider:1 | You pick up a book of Alchemy {forbidden} and begin
                  | reading...
 22867 | Spider:1 | Reached skill level 14 in Armour
 22873 | Spider:1 | HP: 10/162 [disintegration (37)]
 22887 | Spider:1 | Reached skill level 20 in Fighting
 23362 | Spider:4 | Entered Level 4 of the Spider Nest
 23480 | Spider:3 | You fall into a shaft and drop 1 floor!
 23492 | Spider:4 | HP: 20/163 [disintegration (38)]
 23497 | Spider:3 | HP: 21/163 [poisoned by a redback]
 23664 | Spider:3 | Reached skill level 23 in Axes
 23680 | Spider:3 | HP: 38/161 [jorogumo/bolt of negative energy (13)]
 23685 | Spider:3 | HP: 28/158 [poisoned by a wolf spider]
 23690 | Spider:2 | HP: 24/158 [redback[a torpor snail] (10)]
 23694 | Spider:2 | Received a gift from Trog
 23927 | Spider:2 | R - a +3 executioner's axe {axerare=g}
 23988 | Spider:3 | Reached skill level 13 in Dodging
 24032 | Spider:3 | Noticed Arachne
 24158 | Spider:3 | Reached skill level 15 in Armour
 24194 | Spider:3 | Killed Arachne
 24195 | Spider:3 | Reached XP level 17. HP: 89/172 MP: 16/16
 24329 | Spider:3 | You drop a +3 executioner's axe {axerare=g}.
 24677 | Spider:4 | Paralysed by a jorogumo for 3 turns
 24679 | Spider:4 | HP: 40/172 [jorogumo (16)]
 24680 | Spider:4 | HP: 14/170 [jorogumo (11)]
 24681 | Spider:4 | HP: 6/170 [poisoned by a jorogumo]
 24690 | Spider:4 | HP: 9/170 [pharaoh ant (20)]
 24698 | Spider:4 | Received a gift from Trog
 24706 | Spider:4 | HP: 9/168 [disintegration (52)]
 24719 | Spider:4 | HP: 59/255 [disintegration (12)]
 24722 | Spider:4 | Reached skill level 21 in Fighting
 25100 | Spider:4 | HP: 13/173 [disintegration (50)]
 25106 | Spider:4 | HP: 19/173 [wolf spider (5)]
 25118 | Spider:4 | HP: 11/173 [broodmother (24)]
 25119 | Spider:4 | HP: 3/173 [meliai/divine providence (9)]
 25698 | Spider:4 | Identified the ring of Kuli {rC+ EV+4}
 25767 | Spider:4 | You pick up a book of Spectacle {forbidden} and begin
                  | reading...
 25825 | Spider:4 | Identified the -3 pair of boots of the Original Sin {Int+3}
 25849 | Spider:4 | Got a gossamer rune of Zot
 26204 | Shoals:1 | Entered Level 1 of the Shoals
 26213 | Shoals:1 | Received a gift from Trog
 26238 | Shoals:1 | Reached skill level 16 in Armour
 26291 | Shoals:1 | Noticed Frances
 26301 | Shoals:1 | Killed Frances
 26438 | Shoals:4 | Entered Level 4 of the Shoals
 26496 | Shoals:4 | HP: 43/173 [merfolk javelineer/silver javelin (9)]
 26501 | Shoals:4 | HP: 37/173 [poisoned by a merfolk]
 26631 | Shoals:4 | Reached skill level 24 in Axes
 27091 | Shoals:4 | You pick up a book of Weapons {forbidden} and begin
                  | reading...
 27091 | Shoals:4 | You add the spells Portal Projectile and Excruciating
                  | Wounds to your library.
 27201 | Shoals:4 | Got a barnacled rune of Zot
 27259 | Shoals:4 | Identified the ring of Kiew Qep {Ice rN++ Will+}
 27268 | Shoals:4 | Received a gift from Trog
 27277 | Shoals:3 | Reached skill level 14 in Dodging
 27775 | Vaults:1 | Entered Level 1 of the Vaults
 27809 | Vaults:1 | Reached skill level 22 in Fighting
 27824 | Vaults:1 | Reached skill level 17 in Armour
 27827 | Vaults:1 | Reached XP level 18. HP: 184/184 MP: 17/17
 29437 | Vaults:2 | Found a transporter.
 29442 | Vaults:2 | Found a bloodstained altar of Trog.
 29442 | Vaults:2 | Noticed Angmar's ghost (veteran DrAE)
 29478 | Vaults:2 | Found a transporter.
 29514 | Vaults:2 | Received a gift from Trog
 29624 | Vaults:2 | magus.rc [v1.9.6]
 29719 | Vaults:2 | Found a staircase to the Crypt.
 29719 | Vaults:2 | Found a basalt altar of Yredelemnul.
 29720 | Vaults:2 | Found an ancient bone altar of Kikubaaqudgha.
 29770 | Vaults:2 | Found Kyna's Antique Armour Shoppe.
 29796 | Vaults:2 | Noticed Xtahua
 29813 | Vaults:2 | Killed Xtahua
 29817 | Vaults:2 | HP: 39/185 [ironbound frostheart (25)]
 29817 | Vaults:2 | Mangled by a vault warden

Vanquished Creatures
  Xtahua (Vaults:2)
  Arachne (Spider:3)
  Rupert (D:14)
  Frances (Shoals:1)
  Gastronok (D:8)
  3 sphinxes (Shoals:4)
  2 emperor scorpions (Spider:4)
  An orc warlord (Bailey)
  A ghost moth (Spider:3)
  3 ironbound preservers
  5 broodmothers (Spider:4)
  The ghost of GilGalad the Fighter, a journeyman DrFE of Hepliaklqana (Lair:6)
  A stone giant (D:15)
  2 ironbound thunderhulks
  4 dire elephants (Vaults:2)
  Nessos (D:15)
  2 entropy weavers
  An ettin (Vaults:2)
  2 merfolk javelineers
  2 yaktaur captains
  A fire dragon (Lair:6)
  Josephine (Orc:1)
  Fannar (Lair:3)
  3 boulder beetles
  2 ironbound frosthearts (Vaults:1)
  6 centaur warriors
  8 hydras
  A radroach (Spider:4)
  A death knight (D:14)
  8 satyrs (Shoals:4)
  A merfolk avatar (Shoals:3)
  An ogre mage (D:15)
  6 two-headed ogres
  3 jorogumos
  A death scarab (Spider:4)
  4 tengu warriors (D:15)
  Sonja (D:13)
  A spectral death yak (Lair:6)
  6 pharaoh ants
  2 sun moths
  8 orb spiders
  5 steelbarb worms
  3 sea snakes
  12 skeletal warriors
  12 deep trolls
  A swamp dragon (Lair:6)
  2 lindwurms (Vaults:1)
  2 ironbound convokers
  17 orc knights
  11 harpies
  4 deep elf pyromancers
  9 ugly things (D:15)
  2 orc sorcerers
  8 fauns
  17 wolf spiders
  7 cyclopes
  15 manticores
  5 merfolk sirens
  A moth of wrath (Spider:4)
  18 elephants
  5 vault sentinels
  Maurice (D:11)
  4 torpor snails
  2 water nymphs
  5 black mambas
  An efreet (D:15)
  3 rime drakes
  10 cane toads
  A freezing wraith (D:14)
  2 kobold demonologists
  3 unseen horrors
  7 yaktaurs (Vaults:1)
  12 komodo dragons
  3 demonic crawlers
  2 tengu conjurers (D:15)
  4 trolls
  6 meliai
  13 merfolk
  11 polar bears
  2 hornets (D:7)
  8 raiju (Lair:6)
  22 tarantellas
  2 wind drakes
  12 slime creatures
  7 blink frogs (Lair:3)
  A raiju (shapeshifter) (D:14)
  A spectral black mamba (Lair:6)
  26 jumping spiders
  A snapping turtle (Shoals:1)
  10 culicivoras
  A centaur simulacrum (D:14)
  5 wraiths
  3 shadows
  36 yaks
  A water elemental (D:15)
  16 humans (D:14)
  A vampire (D:10)
  45 redbacks
  3 basilisks
  A human (shapeshifter) (D:14)
  A steam dragon (D:8)
  2 wyverns
  A death yak simulacrum (Lair:6)
  13 wargs
  Menkaure (D:4)
  11 vampire mosquitoes
  9 hell hounds (Lair:6)
  2 acid dragons
  11 water moccasins
  An ice beast (D:5)
  59 orc warriors
  4 swamp drakes
  13 black bears
  2 necrophages (D:8)
  7 ogres
  48 wolves
  8 centaurs
  5 kobold brigands
  2 wyvern zombies (D:8)
  16 bullfrogs
  2 gnoll sergeants
  A cane toad simulacrum (Lair:6)
  2 scorpions
  A water moccasin zombie (D:5)
  A dream sheep simulacrum (Lair:6)
  15 killer bees
  13 wights
  4 electric eels
  5 howler monkeys
  A torpor snail simulacrum (Lair:6)
  4 centaur zombies
  A jelly (D:6)
  A bullfrog zombie (D:5)
  2 hounds (D:7)
  15 orc priests
  A centaur skeleton (D:5)
  A gnoll shaman (D:7)
  14 iguanas
  17 orc wizards
  A killer bee zombie (D:4)
  3 adders
  27 gnolls
  A shadow imp (D:6)
  A white imp (D:6)
  4 dart slugs
  94 orcs
  5 bats
  10 endoplasms
  5 giant cockroaches
  29 goblins
  19 hobgoblins
  3 jackals (D:1)
  2 quokkas
  6 ball pythons
  3 frilled lizards (D:1)
  33 kobolds
  A quokka skeleton (D:4)
  6 rats
1122 creatures vanquished.

Vanquished Creatures (others)
  A culicivora (Spider:4)
  2 redbacks (Spider:4)
  18 fungi
  72 plants
  2 withered plants (D:8)
95 creatures vanquished.

Grand Total: 1217 creatures vanquished

Table legend:
 A = Non-vault XP
 B = Vault XP
 C = Vault XP percentage of total XP
 D = Non-vault monster count
 E = Vault monster count
 F = Vault count percentage of total count
                 A         B        C        D         E       F
            +---------+---------+-------+---------+---------+-------
      Total |  163983 |  135124 |  45.2 |     655 |     467 |  41.6
            +---------+---------+-------+---------+---------+-------
        D:1 |      52 |       0 |   0.0 |      30 |       0 |   0.0
        D:2 |      42 |       0 |   0.0 |      17 |       0 |   0.0
        D:3 |     138 |       0 |   0.0 |      20 |       0 |   0.0
        D:4 |     461 |     165 |  26.4 |      15 |       1 |   6.2
        D:5 |     527 |       0 |   0.0 |      12 |       0 |   0.0
        D:6 |     401 |       0 |   0.0 |      10 |       0 |   0.0
        D:7 |    2055 |       0 |   0.0 |      35 |       0 |   0.0
        D:8 |     990 |    1983 |  66.7 |      22 |      11 |  33.3
        D:9 |    2903 |       0 |   0.0 |      39 |       0 |   0.0
       D:10 |    1976 |    1288 |  39.5 |      26 |      18 |  40.9
       D:11 |    4574 |     449 |   8.9 |      11 |       1 |   8.3
       D:12 |    6135 |      14 |   0.2 |      22 |       7 |  24.1
       D:13 |    9100 |     778 |   7.9 |      18 |       1 |   5.3
       D:14 |   12050 |    7755 |  39.2 |      24 |      21 |  46.7
       D:15 |   17590 |    3361 |  16.0 |      35 |       4 |  10.3
     Lair:1 |    1564 |       0 |   0.0 |       9 |       0 |   0.0
     Lair:2 |    3224 |     563 |  14.9 |      15 |       5 |  25.0
     Lair:3 |    5239 |    5019 |  48.9 |      19 |      16 |  45.7
     Lair:4 |    5938 |    3228 |  35.2 |      22 |       7 |  24.1
     Lair:5 |    6831 |       0 |   0.0 |      20 |       0 |   0.0
     Lair:6 |    5082 |   21012 |  80.5 |      18 |     108 |  85.7
   Shoals:1 |    4556 |    1563 |  25.5 |      10 |       1 |   9.1
   Shoals:2 |    1072 |       0 |   0.0 |       3 |       0 |   0.0
   Shoals:3 |    3636 |       0 |   0.0 |       7 |       0 |   0.0
   Shoals:4 |    9465 |   18991 |  66.7 |      19 |      26 |  57.8
   Spider:1 |    8581 |     265 |   3.0 |      29 |       1 |   3.3
   Spider:2 |    3970 |       0 |   0.0 |      12 |       0 |   0.0
   Spider:3 |   11332 |   13307 |  54.0 |      26 |      34 |  56.7
   Spider:4 |   14619 |   17981 |  55.2 |      33 |      37 |  52.9
      Orc:1 |    2922 |    6927 |  70.3 |      29 |      38 |  56.7
      Orc:2 |    1407 |    8864 |  86.3 |      23 |      60 |  72.3
   Vaults:1 |    9479 |    5795 |  37.9 |      18 |      10 |  35.7
   Vaults:2 |    6072 |   12656 |  67.6 |       7 |      13 |  65.0
     Bailey |       0 |    3160 | 100.0 |       0 |      47 | 100.0
            +---------+---------+-------+---------+---------+-------

Illustrated notes

Table legend:
 A = Kills in this place as a percentage of kills in entire the game.
 B = Kills by you in this place as a percentage of kills by you in the entire game.
 C = Kills by friends in this place as a percentage of kills by friends in the entire game.
 D = Other kills in this place as a percentage of other kills in the entire game.
 E = Experience gained in this place as a percentage of experience gained in the entire game.
 F = Experience gained in this place divided by the number of levels of this place that you have seen.
                   A       B       C       D       E      F
               +-------+-------+-------+-------+-------+----------------------
         Total | 100.0 | 100.0 |   N/A |   N/A | 100.0 | 8797.3
       Dungeon |  35.7 |  35.7 |   N/A |   N/A |  25.0 | 4985.8
          Lair |  21.3 |  21.3 |   N/A |   N/A |  19.3 | 9616.7
        Shoals |   5.9 |   5.9 |   N/A |   N/A |  13.1 | 9820.8
   Spider Nest |  15.3 |  15.3 |   N/A |   N/A |  23.4 | 17513.8
  Orcish Mines |  13.4 |  13.4 |   N/A |   N/A |   6.7 | 10060.0
        Vaults |   4.3 |   4.3 |   N/A |   N/A |  11.4 | 17001.0
        Bailey |   4.2 |   4.2 |   N/A |   N/A |   1.1 | 3160.0
               +-------+-------+-------+-------+-------+----------------------

Table legend: (Time is in decaauts)
 A = Elapsed time spent in this place.
 B = Non-inter-level travel time spent in this place.
 C = Inter-level travel time spent in this place.
 D = Time resting spent in this place.
 E = Time spent auto-exploring this place.
 F = Levels seen in this place.
 G = Mean time per level.
                   A        B        C        D        E       F      G
               +--------+--------+--------+--------+--------+-----+--------+
         Total |  30353 |  28665 |   1688 |   4245 |  12703 |  34 |  892.7 |
       Dungeon |  13664 |  12765 |    899 |   1014 |   7266 |  15 |  910.9 |
          Lair |   6875 |   6404 |    471 |    701 |   3761 |   6 | 1145.8 |
        Shoals |   1451 |   1451 |      0 |    534 |      0 |   4 |  362.8 |
   Spider Nest |   3705 |   3521 |    184 |   1438 |      0 |   4 |  926.2 |
  Orcish Mines |   2211 |   2108 |    103 |    325 |    878 |   2 | 1105.5 |
        Vaults |   2082 |   2054 |     28 |    192 |    797 |   2 | 1041.0 |
        Bailey |    362 |    362 |      0 |     40 |      0 |   1 |  362.0 |
               +--------+--------+--------+--------+--------+-----+--------+

Top non-repeatable levels by time:
  Lair:6: 1676 daAuts
Vaults:1: 1595 daAuts
     D:1: 1584 daAuts
  Lair:3: 1349 daAuts
   Orc:2: 1298 daAuts
Spider:4: 1263 daAuts
     D:8: 1258 daAuts
    D:12: 1239 daAuts
Spider:3: 1231 daAuts
    D:10: 1206 daAuts
  Lair:5: 1120 daAuts
    D:15: 1097 daAuts
  Lair:4: 1061 daAuts
    D:13: 985 daAuts
    D:11: 918 daAuts
